 Dungeon Crawl Stone Soup version 0.21-a0-349-g0c35859 (webtiles) character file.

1263 tidbits the Charmwright (level 8, -10/64 HPs)
             Began as a Gnoll Skald on Oct 8, 2017.
             Was an Initiate of Ashenzari.
             Mangled by an orc warrior
             ... wielding a +0 battleaxe
              (23 damage)
             ... on level 5 of the Dungeon.
             The game lasted 00:16:36 (2006 turns).

tidbits the Charmwright (Gnoll Skald)               Turns: 2006, Time: 00:16:38

Health: -10/64     AC:  7    Str: 14    XL:     8   Next: 52%
Magic:  4/17       EV: 14    Int: 16    God:    Ashenzari [......]
Gold:   190        SH:  5    Dex: 16    Spells: 8/19 levels left

rFire    + + .     SeeInvis .   l - +0 flail
rCold    x . .     Gourm    .   D - +0 buckler (curse)
rNeg     . . .     Faith    .   B - +0 ring mail
rPois    .         Spirit   .   E - +0 helmet
rElec    .         Reflect  .   (no cloak)
rCorr    .         Harm     .   (no gloves)
MR       .....                  (no boots)
Stlth    ++........             (no amulet)
HPRegen  0.20/turn              v - ring of protection from fire (curse)
MPRegen  0.15/turn              y - ring of fire (curse)

@: hasted, very quick
A: distributed training, fangs 1, strong nose
a: Curse Item, Renounce Religion


You were on level 5 of the Dungeon.
You worshipped Ashenzari.
Ashenzari was noncommittal.
You were hungry.

You visited 1 branch of the dungeon, and saw 6 of its levels.
You also visited: Sewer.

You collected 190 gold pieces.

Inventory:

Hand Weapons
 a - a +0 hand axe
 l - a +0 flail (weapon)
 t - a +0 blowgun
Missiles
 h - 54 arrows
 m - 5 javelins (quivered)
Armour
 b - a +0 leather armour
 g - a scarf of spirit shield
   (You found it on level 4 of the Dungeon)
 B - a +0 ring mail (worn)
 D - a cursed +0 buckler (worn)
 E - a +0 helmet (worn)
Jewellery
 v - a cursed ring of protection from fire (left hand)
   (You found it on level 3 of the Dungeon)
 y - a cursed ring of fire (right hand)
   (You found it on level 5 of the Dungeon)
Scrolls
 i - a scroll of fear {unknown}
 j - 2 scrolls of recharging {unknown}
 k - a scroll of magic mapping {unknown}
 n - 3 scrolls of identify {unknown}
 o - a scroll of enchant weapon {unknown}
 q - 2 scrolls of fog {unknown}
 s - 3 scrolls of teleportation
 x - a scroll of random uselessness {unknown}
Potions
 e - 4 potions of flight
 A - a potion of mutation {unknown}
Books
 c - a book of Battle

   Spells                             Type                      Level
   a - Infusion                       Charms                       1
   b - Shroud of Golubria             Charms/Translocation         2
   c - Song of Slaying                Charms                       2
   d - Spectral Weapon                Hexes/Charms                 3
   e - Regeneration                   Charms/Necromancy            3
 p - a book of Misfortune
   (You found it on level 2 of the Dungeon)

   Spells                             Type                      Level
   a - Confusing Touch                Hexes                        1
   b - Confuse                        Hexes                        3
   c - Gell's Gravitas                Translocation                3
   d - Petrify                        Transmutation/Earth          4
   e - Metabolic Englaciation         Hexes/Ice                    5
   f - Yara's Violent Unravelling     Hexes/Transmutation          5
Comestibles
 d - 2 bread rations
 f - a royal jelly
 u - a meat ration


   Skills:
 + Level 5.7 Fighting
 + Level 3.3 Short Blades
 + Level 3.3 Long Blades
 + Level 5.7 Axes
 + Level 3.3 Maces & Flails
 + Level 3.3 Polearms
 + Level 3.3 Staves
 + Level 3.3 Slings
 + Level 3.3 Bows
 + Level 3.3 Crossbows
 + Level 3.3 Throwing
 + Level 4.2 Armour
 + Level 5.7 Dodging
 + Level 3.3 Stealth
 + Level 3.3 Shields
 + Level 3.3 Unarmed Combat
 + Level 6.0 Spellcasting
 + Level 3.3 Conjurations
 + Level 3.3 Hexes
 + Level 7.4 Charms
 + Level 3.3 Summonings
 + Level 3.3 Necromancy
 + Level 3.3 Translocations
 + Level 3.3 Transmutations
 + Level 3.3 Fire Magic
 + Level 3.3 Ice Magic
 + Level 3.3 Air Magic
 + Level 3.3 Earth Magic
 + Level 3.3 Poison Magic
 + Level 3.3 Invocations
 + Level 3.3 Evocations


You had 8 spell levels left.
You knew the following spells:

 Your Spells              Type           Power        Failure   Level  Hunger
g - Shroud of Golubria    Chrm/Tloc      ###.......   4%          2    #......
i - Infusion              Chrm           ####         1%          1    None
r - Regeneration          Chrm/Necr      ###.......   10%         3    ##.....
w - Spectral Weapon       Hex/Chrm       ###.....     10%         3    ##.....
y - Song of Slaying       Chrm           ####....     1%          2    #......


Dungeon Overview and Level Annotations

Branches:
Dungeon (6/15)
 Temple: D:4-7

Altars:
Ashenzari
Kikubaaqudgha

Shops:
D:4 %

Annotations:
D:4 Ijyb


Innate Abilities, Weirdness & Mutations

Your experience applies equally to all skills.
You have very sharp teeth.
Your uncanny sense of smell can sniff out nearby items.


Message History

The orc warrior hits your spectral weapon with a battleaxe!
Your spectral weapon shares its damage with you!
You barely miss the orc warrior. Your bite misses the orc warrior.
Your spectral weapon hits the orc warrior but does no damage.
The orc warrior barely misses you.
The orc warrior closely misses your spectral weapon.
Your magical contamination has completely faded away.
You hit the orc warrior.
The orc warrior is lightly wounded.
Your spectral weapon hits the orc warrior but does no damage.
You hit the orc warrior but do no damage.
The orc warrior is lightly wounded.
Your spectral weapon misses the orc warrior.
You block the orc warrior's attack.
The orc warrior closely misses your spectral weapon.
You hit the orc warrior but do no damage.
Your skin is crawling a little less now.
Your spectral weapon hits the orc warrior but does no damage.
You block the orc warrior's attack.
The orc warrior hits your spectral weapon with a battleaxe!
Your spectral weapon shares its damage with you!
Your spectral weapon fades away.
Casting: Shroud of Golubria
Confirm with . or Enter, or press ? or * to list all spells.
You draw out your weapon's spirit!
The orc warrior closely misses you.
The orc warrior closely misses your spectral weapon.
You closely miss the orc warrior.
You bite the orc warrior, but do no damage.
Your spectral weapon closely misses the orc warrior.
The orc warrior barely misses you.
The orc warrior hits your spectral weapon with a battleaxe.
Your spectral weapon shares its damage with you!
You hit the orc warrior but do no damage.
Your bite misses the orc warrior.
Your spectral weapon hits the orc warrior.
You hit the orc warrior but do no damage.
The orc warrior is lightly wounded.
Your spectral weapon barely misses the orc warrior.
The orc warrior hits you with a battleaxe!
Your shroud falls apart!
The orc warrior hits your spectral weapon with a battleaxe!
Your spectral weapon shares its damage with you!
Your spectral weapon fades away.
* * * LOW HITPOINT WARNING * * *
Okay, then.
You aren't carrying any items that you can evoke.
Unknown command.
Okay, then.
It was a potion of haste.
You feel yourself speed up.
Your skin stops crawling.
You block the orc warrior's attack.
Wield which item (- for none, * to show all)? (? for menu, Esc to quit)
l - a +0 flail (weapon)
You closely miss the orc warrior. Your bite misses the orc warrior.
The orc warrior is lightly wounded.
The orc warrior closely misses you.
You completely miss the orc warrior.
The orc warrior is lightly wounded.
The orc warrior barely misses you.
Your ring mail prevents you from hitting the orc warrior.
The orc warrior is lightly wounded.
You thump the orc warrior!
The orc warrior is heavily wounded.
The orc warrior barely misses you.
You hit the orc warrior but do no damage.
The orc warrior is heavily wounded.
You closely miss the orc warrior.
The orc warrior is heavily wounded.
The orc warrior hits you with a battleaxe!
* * * LOW HITPOINT WARNING * * *
You hit the orc warrior.
The orc warrior is heavily wounded.
The orc warrior misses you.
You feel better.
You hit the orc warrior but do no damage.
The orc warrior is heavily wounded.
The orc warrior barely misses you.
You barely miss the orc warrior.
The orc warrior is heavily wounded.
The orc warrior hits you with a battleaxe!
* * * LOW HITPOINT WARNING * * *
You hit the orc warrior but do no damage.
The orc warrior is heavily wounded.
You barely miss the orc warrior.
The orc warrior is heavily wounded.
You block the orc warrior's attack.
You hit the orc warrior.
The orc warrior is severely wounded.
You hit the orc warrior but do no damage.
The orc warrior is severely wounded.
The orc warrior misses you.
You hit the orc warrior but do no damage.
The orc warrior is severely wounded.
You block the orc warrior's attack.
You barely miss the orc warrior.
The orc warrior is severely wounded.
You hit the orc warrior but do no damage.
The orc warrior is severely wounded.
The orc warrior hits you with a battleaxe!!
You die...

########
##....@.##
##.....o..##
###
#........).#
..#
#........>.#
#.#
#..........#
#.#
#..........#
#.##
#..........#
...#
##........##
...###
#..........#


You could see an orc warrior.

Vanquished Creatures
  An ice beast (D:5)
  A sky beast (D:5)
  A black bear (D:5)
  An ogre (D:4)
  2 centaurs (D:5)
  3 scorpions
  A howler monkey (D:5)
  2 crimson imps (D:5)
  A centaur zombie (D:5)
  A hound (D:5)
  A jelly (D:5)
  A bullfrog skeleton (D:4)
  A bullfrog zombie (D:5)
  3 orc wizards
  3 iguanas
  A merfolk siren (Sewer)
  5 adders
  5 river rats
  An adder skeleton (D:5)
  A worm (D:2)
  A leopard gecko (D:1)
  5 orcs
  6 bats
  4 giant cockroaches
  A goblin (D:2)
  6 hobgoblins
  5 jackals
  A quokka (D:4)
  5 ball pythons
  13 frilled lizards
  4 kobolds
  30 rats
117 creatures vanquished.

Vanquished Creatures (others)
  3 spectral weapons (D:5)
3 creatures vanquished.

Grand Total: 120 creatures vanquished

Notes
Turn   | Place    | Note
-------+----------+-------------------------------------------
     0 | D:1      | tidbits the Gnoll Skald began the quest for the Orb.
     0 | D:1      | Reached XP level 1. HP: 20/20 MP: 6/6
   100 | D:1      | Reached XP level 2. HP: 19/26 MP: 0/7
   104 | D:1      | Learned a level 2 spell: Song of Slaying
   107 | D:1      | Learned a level 2 spell: Shroud of Golubria
   271 | D:2      | Reached XP level 3. HP: 11/31 MP: 0/9
   276 | D:2      | Reached skill level 5 in Spellcasting
   342 | D:2      | Learned a level 3 spell: Regeneration
   347 | D:2      | Learned a level 3 spell: Spectral Weapon
   626 | D:2      | Found an ancient bone altar of Kikubaaqudgha.
   911 | D:4      | Reached skill level 1 in Short Blades
   911 | D:4      | Reached skill level 1 in Long Blades
   911 | D:4      | Reached skill level 1 in Maces & Flails
   911 | D:4      | Reached skill level 1 in Polearms
   911 | D:4      | Reached skill level 1 in Staves
   911 | D:4      | Reached skill level 1 in Slings
   911 | D:4      | Reached skill level 1 in Bows
   911 | D:4      | Reached skill level 1 in Crossbows
   911 | D:4      | Reached skill level 1 in Throwing
   911 | D:4      | Reached skill level 1 in Stealth
   911 | D:4      | Reached skill level 1 in Shields
   911 | D:4      | Reached skill level 1 in Unarmed Combat
   911 | D:4      | Reached skill level 1 in Conjurations
   911 | D:4      | Reached skill level 1 in Hexes
   911 | D:4      | Reached skill level 1 in Summonings
   911 | D:4      | Reached skill level 1 in Necromancy
   911 | D:4      | Reached skill level 1 in Translocations
   911 | D:4      | Reached skill level 1 in Transmutations
   911 | D:4      | Reached skill level 1 in Fire Magic
   911 | D:4      | Reached skill level 1 in Ice Magic
   911 | D:4      | Reached skill level 1 in Air Magic
   911 | D:4      | Reached skill level 1 in Earth Magic
   911 | D:4      | Reached skill level 1 in Poison Magic
   911 | D:4      | Reached skill level 1 in Invocations
   911 | D:4      | Reached skill level 1 in Evocations
   911 | D:4      | Reached XP level 4. HP: 27/38 MP: 0/11
   926 | D:4      | Found a glowing drain.
   935 | Sewer    | Entered a sewer
  1027 | Sewer    | Reached XP level 5. HP: 37/43 MP: 5/12
  1116 | Sewer    | Reached skill level 3 in Armour
  1311 | D:4      | Found Ynaotom's Food Shop.
  1341 | D:4      | Found a shattered altar of Ashenzari.
  1343 | D:4      | Reached XP level 6. HP: 50/50 MP: 9/13
  1360 | D:4      | Became a worshipper of Ashenzari the Shackled
  1459 | D:4      | Reached skill level 5 in Fighting
  1459 | D:4      | Reached skill level 2 in Short Blades
  1459 | D:4      | Reached skill level 2 in Long Blades
  1459 | D:4      | Reached skill level 5 in Axes
  1459 | D:4      | Reached skill level 2 in Maces & Flails
  1459 | D:4      | Reached skill level 2 in Polearms
  1459 | D:4      | Reached skill level 2 in Staves
  1459 | D:4      | Reached skill level 2 in Slings
  1459 | D:4      | Reached skill level 2 in Bows
  1459 | D:4      | Reached skill level 2 in Crossbows
  1459 | D:4      | Reached skill level 2 in Throwing
  1459 | D:4      | Reached skill level 5 in Dodging
  1459 | D:4      | Reached skill level 2 in Stealth
  1459 | D:4      | Reached skill level 2 in Shields
  1459 | D:4      | Reached skill level 2 in Unarmed Combat
  1459 | D:4      | Reached skill level 2 in Conjurations
  1459 | D:4      | Reached skill level 2 in Hexes
  1459 | D:4      | Reached skill level 2 in Summonings
  1459 | D:4      | Reached skill level 2 in Necromancy
  1459 | D:4      | Reached skill level 2 in Translocations
  1459 | D:4      | Reached skill level 2 in Transmutations
  1459 | D:4      | Reached skill level 2 in Fire Magic
  1459 | D:4      | Reached skill level 2 in Ice Magic
  1459 | D:4      | Reached skill level 2 in Air Magic
  1459 | D:4      | Reached skill level 2 in Earth Magic
  1459 | D:4      | Reached skill level 2 in Poison Magic
  1459 | D:4      | Reached skill level 2 in Invocations
  1459 | D:4      | Reached skill level 2 in Evocations
  1510 | D:5      | Entered Level 5 of the Dungeon
  1522 | D:5      | Reached XP level 7. HP: 38/56 MP: 12/15
  1554 | D:5      | Reached skill level 7 in Charms
  1659 | D:5      | Reached XP level 8. HP: 26/63 MP: 3/16
  1659 | D:5      | Reached skill level 3 in Short Blades
  1659 | D:5      | Reached skill level 3 in Long Blades
  1659 | D:5      | Reached skill level 3 in Maces & Flails
  1659 | D:5      | Reached skill level 3 in Polearms
  1659 | D:5      | Reached skill level 3 in Staves
  1659 | D:5      | Reached skill level 3 in Slings
  1659 | D:5      | Reached skill level 3 in Bows
  1659 | D:5      | Reached skill level 3 in Crossbows
  1659 | D:5      | Reached skill level 3 in Throwing
  1659 | D:5      | Reached skill level 4 in Armour
  1659 | D:5      | Reached skill level 3 in Stealth
  1659 | D:5      | Reached skill level 3 in Shields
  1659 | D:5      | Reached skill level 3 in Unarmed Combat
  1659 | D:5      | Reached skill level 3 in Conjurations
  1659 | D:5      | Reached skill level 3 in Hexes
  1659 | D:5      | Reached skill level 3 in Summonings
  1659 | D:5      | Reached skill level 3 in Necromancy
  1659 | D:5      | Reached skill level 3 in Translocations
  1659 | D:5      | Reached skill level 3 in Transmutations
  1659 | D:5      | Reached skill level 3 in Fire Magic
  1659 | D:5      | Reached skill level 3 in Ice Magic
  1659 | D:5      | Reached skill level 3 in Air Magic
  1659 | D:5      | Reached skill level 3 in Earth Magic
  1659 | D:5      | Reached skill level 3 in Poison Magic
  1659 | D:5      | Reached skill level 3 in Invocations
  1659 | D:5      | Reached skill level 3 in Evocations
  1722 | D:5      | Reached skill level 6 in Spellcasting
  1918 | D:4      | Noticed Ijyb
  2006 | D:5      | Mangled by an orc warrior

Vault maps used:
D:1:      lightli_iron_boxes, hangedman_decor_lopped
D:2:      marbit_many_paths, first_bread, minmay_bisected
D:3:      moated_statue
D:4:      kennysheep_mini_moat, nicolae_ashenzari_panopticon, vehumet_statue,
          serial_shops, shop, portal_sewer_entry_b, minmay_misc_feat_encased,
          columned_hall_lemuel, grunt_decor_mini_mirrors, item_on_display_a,
          uniq_ijyb
D:5:      kennysheep_spiral_hall
D:6:      temple_fountains, uniq_prince_ribbit1, uniq_duvessa
Sewer:    sewer_sea

Skill      XL: |  1  2  3  4  5  6  7  8 |
---------------+-------------------------+-----
Spellcasting   | 5 6 |  6.0
Short Blades   | 1 2 3 |  3.3
Long Blades    | 1 2 3 |  3.3
Maces & Flails | 1 2 3 |  3.3
Polearms       | 1 2 3 |  3.3
Staves         | 1 2 3 |  3.3
Slings         | 1 2 3 |  3.3
Bows           | 1 2 3 |  3.3
Crossbows      | 1 2 3 |  3.3
Throwing       | 1 2 3 |  3.3
Stealth        | 1 2 3 |  3.3
Shields        | 1 2 3 |  3.3
Unarmed Combat | 1 2 3 |  3.3
Conjurations   | 1 2 3 |  3.3
Hexes          | 1 2 3 |  3.3
Summonings     | 1 2 3 |  3.3
Necromancy     | 1 2 3 |  3.3
Translocations | 1 2 3 |  3.3
Transmutations | 1 2 3 |  3.3
Fire Magic     | 1 2 3 |  3.3
Ice Magic      | 1 2 3 |  3.3
Air Magic      | 1 2 3 |  3.3
Earth Magic    | 1 2 3 |  3.3
Poison Magic   | 1 2 3 |  3.3
Invocations    | 1 2 3 |  3.3
Evocations     | 1 2 3 |  3.3
Armour         | 3 4 |  4.2
Fighting       | 5 |  5.7
Axes           | 5 |  5.7
Dodging        | 5 |  5.7
Charms         | 7 |  7.4

Action                   |  1- 3 |  4- 6 |  7- 9 || total
-------------------------+-------+-------+-------++-------
Melee: Hand axe          |   102 |   183 |   110 ||   395
       Bite              |    11 |    26 |    19 ||    56
       Flail             |       |       |    17 ||    17
Throw: Javelin           |       |     2 |       ||     2
 Cast: Infusion          |    17 |       |       ||    17
       Shroud of Golubri |     1 |       |     3 ||     4
       Regeneration      |     1 |     3 |     7 ||    11
       Spectral Weapon   |     1 |    10 |    13 ||    24
Invok: Curse Item        |       |       |     3 ||     3
  Use: Potion            |       |     3 |     3 ||     6
       Scroll            |       |     1 |       ||     1
 Stab: Sleeping          |     2 |       |       ||     2
       Distracted        |       |       |     4 ||     4
  Eat: Chunk             |       |     4 |     3 ||     7
Armor: Leather armour    |    17 |       |       ||    17
       Ring mail         |     8 |    32 |    32 ||    72
Dodge: Dodged            |    76 |   103 |    81 ||   260
Block: Buckler           |     2 |    18 |    39 ||    59

Table legend:
 A = Spawn XP
 B = Non-spawn XP
 C = Spawn XP percentage of total XP
 D = Spawn monster count
 E = Non-spawn monster count
 F = Spawn count percentage of total count
 G = Total turns spent on level
                    A         B        C        D         E        F      G
               +---------+---------+-------+---------+---------+-------+---------
         Total |       0 |    1805 |   0.0 |       0 |     117 |   0.0 |  2006
               +---------+---------+-------+---------+---------+-------+---------
           D:1 |       0 |      17 |   0.0 |       0 |      11 |   0.0 |   269
           D:2 |       0 |      49 |   0.0 |       0 |      21 |   0.0 |   389
           D:3 |       0 |       5 |   0.0 |       0 |       4 |   0.0 |   232
           D:4 |       0 |     345 |   0.0 |       0 |      15 |   0.0 |   280
           D:5 |       0 |    1235 |   0.0 |       0 |      23 |   0.0 |   468
         Sewer |       0 |     154 |   0.0 |       0 |      43 |   0.0 |   363
               +---------+---------+-------+---------+---------+-------+---------

Table legend:
 A = Turns spent in this place as a percentage of turns spent in the entire game.
 B = Non-inter-level travel turns spent in this place as a percentage of non-inter-level travel turns spent in the entire game.
 C = Inter-level travel turns spent in this place as a percentage of turns spent in this place.
 D = Turns resting spent in this place as a percentage of non-inter-level travel turns spent in this place.
 E = Turns spent auto-exploring this place as a percentage of non-inter-level travel turns spent in this place.
 F = Non-inter-level travel turns spent in this place divided by the number of levels of this place that you've seen.
                   A       B       C       D       E      F
               +-------+-------+-------+-------+-------+----------------------
         Total | 100.0 | 100.0 |   2.6 |   0.0 |   0.0 | 279.0
       Dungeon |  81.9 |  81.4 |   3.2 |   0.0 |   0.0 | 265.0
         Sewer |  18.1 |  18.6 |   0.0 |   0.0 |   0.0 | 363.0
               +-------+-------+-------+-------+-------+----------------------

Table legend:
 A = Kills in this place as a percentage of kills in entire the game.
 B = Kills by you in this place as a percentage of kills by you in the entire game.
 C = Kills by friends in this place as a percentage of kills by friends in the entire game.
 D = Other kills in this place as a percentage of other kills in the entire game.
 E = Experience gained in this place as a percentage of experience gained in the entire game.
 F = Experience gained in this place divided by the number of levels of this place that you have seen.
                   A       B       C       D       E      F
               +-------+-------+-------+-------+-------+----------------------
         Total | 100.0 | 100.0 |   N/A |   N/A | 100.0 | 257.9
       Dungeon |  63.2 |  63.2 |   N/A |   N/A |  91.5 | 275.2
         Sewer |  36.8 |  36.8 |   N/A |   N/A |   8.5 | 154.0
               +-------+-------+-------+-------+-------+----------------------

Vault maps used:
D:1:      lightli_iron_boxes, hangedman_decor_lopped
D:2:      marbit_many_paths, first_bread, minmay_bisected
D:3:      moated_statue
D:4:      kennysheep_mini_moat, nicolae_ashenzari_panopticon, vehumet_statue,
          serial_shops, shop, portal_sewer_entry_b, minmay_misc_feat_encased,
          columned_hall_lemuel, grunt_decor_mini_mirrors, item_on_display_a,
          uniq_ijyb
D:5:      kennysheep_spiral_hall
D:6:      temple_fountains, uniq_prince_ribbit1, uniq_duvessa
Sewer:    sewer_sea
